 Dungeon Crawl Stone Soup version 0.27-a0-1136-g0b992a5a9d (webtiles) character file.

Game seed: 7175291291474525852

149 sanka the Skirmisher (level 5, -3/41 HPs)
             Began as a Djinni Abyssal Knight on May 5, 2021.
             Was a Believer of Lugonu.
             Slain by a scorpion (9 damage)
             ... on level 1 of the Dungeon.
             The game lasted 00:04:16 (3963 turns).

sanka the Skirmisher (Djinni Abyssal Knight)        Turns: 3963, Time: 00:04:16

Health: -3/41      AC:  3    Str: 11    XL:     5   Next: 31%
Gold:   65         EV: 12    Int: 14    God:    Lugonu [**....] SH:  0 Dex: 13

rFire    + + .     SeeInvis .   a - +1 falchion
rCold    x . .     Faith    .   (no shield)
rNeg     . . .     Spirit   .   b - +0 leather armour
rPois    ∞         Reflect  .   (no helmet)
rElec    .         Harm     .   (no cloak)
rCorr    .         Rampage  .   (no gloves)
Will     .....                  (boots unavailable)
Stlth    +.........             (no amulet)
HPRegen  0.13/turn              (no ring)
MPRegen  0.00/turn              (no ring)

@: flying
A: sickness immunity, fire resistance 2, cold vulnerability 1, float, innate
caster, hp casting, extra vitality 1
a: Renounce Religion, Depart the Abyss, Bend Space


You were on level 1 of the Dungeon.
You worshipped Lugonu.
Lugonu was pleased with you.
You visited 1 branch of the dungeon, and saw 3 of its levels.
You visited the Abyss 1 time.

You collected 65 gold pieces.


Innate Abilities, Weirdness & Mutations

You are immune to sickness and miasma.
You are immune to poison.
Your flesh is very heat resistant. (rF++)
You are vulnerable to cold. (rC-)
You float through the air rather than walking.
You learn spells naturally, not from books.
Your magical power is your life essence.
You have superior vitality. (+4 HP)


   Skills:
 - Level 3.7 Fighting
 - Level 2.6 Long Blades
 - Level 1.0 Armour
 - Level 3.2 Dodging
 + Level 2.3 Spellcasting
 - Level 1.7 Invocations


You had 5 spell levels left.
You knew the following spells:

 Your Spells              Type           Power      Damage    Failure   Level
x - Slow                  Hex            8%         N/A       19%         2
z - Sandblast             Erth           16%        2d6       12%         1
Your spell library was empty.

Inventory:

Hand Weapons
 a - a +1 falchion (weapon)
Missiles
 o - 14 stones
Armour
 b - a +0 leather armour (worn)
 k - a +0 pair of gloves
Magical Staves
 u - a staff of cold
Wands
 t - a wand of iceblast (10)
Scrolls
 c - a scroll of teleportation {unknown}
 f - 2 scrolls of enchant armour {unknown}
 h - 6 scrolls of identify {unknown}
 i - a scroll of torment {unknown}
 m - a scroll of noise {unknown}
 r - a scroll of silence {unknown}
Potions
 d - a potion of curing {unknown}
 e - a potion of lignification {unknown}
 g - 2 potions of degeneration {unknown}
 j - a potion of brilliance {unknown}
 l - a potion of ambrosia {unknown}
 n - a potion of attraction {unknown}
 p - a potion of berserk rage {unknown}
 q - a potion of haste {unknown}
 s - a potion of heal wounds {unknown}

Dungeon Overview and Level Annotations

Branches:
Dungeon (3/15)

Altars:
Kikubaaqudgha

▒▒▒▒▒▒▒▒▒▒▒...▒▒▒▒▒▒
▒.........▒...▒≈≈≈≈▒
▒.........▒...▒≈≈≈≈▒▒▒
▒.........▒...'≈≈≈≈'..
▒.........▒▒▒▒▒≈≈≈≈▒▒▒
▒....>....▒▒ ▒≈≈≈≈▒▒.
▒..........▒▒ ▒▒▒▒▒▒..
▒...........▒▒▒▒▒▒▒...
▒....Rs...▒......▒▒..▒
▒▒▒▒▒.▒▒▒▒▒▒▒▒▒▒......
▒.▒ ▒..).......). ▒.▒
▒.▒▒▒▒▒..▒.▒. ▒.▒ ▒.▒
▒.....▒▒ ▒.▒
▒.▒▒▒▒...▒▒▒▒ ▒.▒
▒.▒......▒ ▒ ▒.▒
▒........▒▒▒▒ ▒.▒
▒............


You could see a scorpion.


Message History

You hit the scorpion but do no damage.
The scorpion is severely wounded.
The scorpion completely misses you.
You riposte.
You closely miss the scorpion.
The scorpion is severely wounded.
You closely miss the scorpion.
The scorpion is severely wounded.
The scorpion stings you.
* * * LOW HITPOINT WARNING * * *
You hit the scorpion but do no damage.
The scorpion is severely wounded.
The scorpion stings you.
* * * LOW HITPOINT WARNING * * *
The scorpion misses you.
You closely miss the scorpion.
The scorpion is severely wounded.
The scorpion barely misses you.
Aiming: Sandblast (safe; 12% risk of failure)
Aim: a scorpion (severely wounded, 78% to hit)
The blast of sand hits the scorpion but does no damage.
The scorpion is severely wounded.
o - 14 stones
* * * LOW HITPOINT WARNING * * *
The scorpion closely misses you.
You riposte.
You hit the scorpion but do no damage.
The scorpion is severely wounded.
The scorpion stings you!
You die...

Action                   |  1- 3 |  4- 6 || total
-------------------------+-------+-------++-------
Melee: Falchion          |   112 |    68 ||   180
 Cast: Sandblast         |     7 |     8 ||    15
Invok: Depart the Abyss  |     1 |       ||     1
Armor: Leather armour    |    26 |     9 ||    35
Dodge: Dodged            |    64 |    52 ||   116
       Rpst.: Falchion   |    27 |    15 ||    42

Levels and vault maps discovered:
D:1:      minmay_arrival_glassed_features, layout_rooms,
          chequers_ecumenical_altar_lobes, chequers_serial_rivers_room_b,
          chequers_serial_rivers_micro_b, nrook_uturn
D:2:      layout_basic
D:3:      layout_loops_corners, nicolae_overflow_crystal_walls,
          uniq_crazy_yiuf_cottage

Notes
Turn   | Place    | Note
-------+----------+-------------------------------------------
     0 | Abyss:1  | sanka the Djinni Abyssal Knight began the quest for the
                  | Orb.
     0 | Abyss:1  | Reached XP level 1. HP: 20/20 MP: 0/0
    14 | Abyss:1  | Noticed a slime creature
    44 | D:1      | Escaped the Abyss
   229 | D:1      | Reached skill level 2 in Long Blades
   246 | D:1      | Reached XP level 2. HP: 21/25 MP: 0/0
   337 | D:1      | Reached * piety under Lugonu
   824 | D:1      | Reached XP level 3. HP: 30/30 MP: 0/0
   824 | D:1      | Learned a level 1 spell: Sandblast
   954 | D:1      | Found a faded altar of an unknown god.
  1573 | D:2      | Noticed a scorpion
  2027 | D:2      | Reached skill level 3 in Dodging
  2567 | D:2      | Reached ** piety under Lugonu
  2922 | D:2      | Reached XP level 4. HP: 32/37 MP: 0/0
  3494 | D:3      | Reached skill level 1 in Spellcasting
  3791 | D:3      | Noticed a scorpion
  3805 | D:3      | Killed a scorpion
  3806 | D:3      | Reached skill level 2 in Spellcasting
  3806 | D:3      | Reached XP level 5. HP: 32/41 MP: 0/0
  3806 | D:3      | Learned a level 2 spell: Slow
  3963 | D:1      | Slain by a scorpion

Vanquished Creatures
  A scorpion (D:3)
  A gnoll (D:3)
  An adder (D:2)
  2 worms
  An orc (D:3)
  5 bats (D:1)
  8 endoplasms
  2 giant cockroaches
  5 goblins
  6 hobgoblins
  3 jackals (D:1)
  2 quokkas
  7 ball pythons
  3 frilled lizards
  9 kobolds
  3 rats (D:1)
59 creatures vanquished.
